 Dungeon Crawl Stone Soup version 0.28-a0-1312-g71652a0310 (webtiles) character file.

Game seed: 17912441520789589728

5679 bearlyready the Fighter (level 11, -1/68 HPs)
             Began as a Djinni Fire Elementalist on Dec 27, 2021.
             Was an Initiate of Ashenzari.
             Collided with a stone wall (5 damage)
             ... caused by a wretched star
             ... on level 1 of the Abyss.
             The game lasted 00:21:45 (10791 turns).

bearlyready the Fighter (Djinni Fire Elementalist) Turns: 10791, Time: 00:21:46

Health: -1/68      AC:  6    Str:  3    XL:     11   Next: 4%
Gold:   292        EV: 13    Int: 21    God:    Ashenzari [......] SH:  5 Dex: 14

rFire   + + +      SeeInvis .   R - +3 hand axe (vamp)
rCold   x . .      Faith    .   (no shield)
rNeg    . . .      Spirit   .   a - +0 robe
rPois   ∞          Reflect  +   E - +0 helmet
rElec   .          Harm     .   j - +1 cloak
rCorr   +          Rampage  .   y - +0 pair of gloves
Will    +....                   (boots unavailable)
Stlth   ++........              h - amulet of reflection
HPRegen 0.00/turn               v - ring of resist corrosion
MPRegen 0.00/turn               C - ring of protection from fire

@: flying, inhibited regen
A: sickness immunity, fire resistance 2, cold vulnerability 1, float, innate
caster, hp casting, extra vitality 1, [frail 2], [inhibited regeneration], [weak
2], [subdued magic 2]
a: Renounce Religion, Curse Item


You were on level 1 of the Abyss.
You worshipped Ashenzari.
Ashenzari was noncommittal.
You visited 2 branches of the dungeon, and saw 10 of its levels.
You visited the Abyss 1 time.

You collected 292 gold pieces.

Inventory:

Hand Weapons
 d - a +0 whip
 o - a +1 spear
 z - a +0 long sword
 D - a +0 broad axe of venom
 R - a +3 vampiric hand axe (weapon)
Missiles
 b - 84 sling bullets
 c - 232 stones
 i - 101 bolts
 r - 14 poisoned darts
 t - 4 boomerangs
 O - 3 throwing nets (quivered)
 P - a curare-tipped dart
Armour
 a - a +0 robe (worn)
 j - a +1 cloak (worn)
 y - a +0 pair of gloves (worn)
 E - a +0 helmet (worn)
Magical Staves
 q - a staff of conjuration
 L - a staff of earth
Jewellery
 h - an amulet of reflection (around neck)
 v - a ring of resist corrosion (left hand)
 C - a ring of protection from fire (right hand)
 I - a +6 ring of strength
Wands
 K - a wand of polymorph (5)
 S - a wand of digging (4)
Scrolls
 g - a scroll of torment
 p - 3 scrolls of enchant weapon
 s - a scroll of noise
 A - a scroll of enchant armour {unknown}
 B - a scroll of fog
 F - a scroll of vulnerability {unknown}
 G - a scroll of amnesia {unknown}
 N - a scroll of immolation {unknown}
Potions
 f - 4 potions of curing
 l - a potion of attraction {unknown}
 m - a potion of lignification
 n - 2 potions of brilliance
 w - 3 potions of resistance
 x - a potion of ambrosia {unknown}
 H - a potion of mutation {unknown}
 J - a potion of berserk rage {unknown}
 M - 2 potions of degeneration {unknown}
 Q - a potion of haste {unknown}


   Skills:
 + Level 10.7 Fighting
 + Level 4.1 Dodging
 - Level 1.5 Stealth
 - Level 9.0 Spellcasting


You had 2 spell levels left.
You knew the following spells:

 Your Spells              Type           Power      Damage    Failure   Level
a - Foxfire               Conj/Fire      100%       2x1d9     1%          1
b - Scorch                Fire           58%        2d7       1%          2
c - Conjure Flame         Conj/Fire      29%        6-21      1%          3
d - Inner Flame           Hex/Fire       29%        N/A       1%          3
e - Flame Wave            Conj/Fire      29%        2d6       1%          4
f - Sandblast             Erth           58%        2d13      1%          1
g - Poisonous Vapours     Pois/Air       58%        N/A       1%          2
h - Corpse Rot            Necr/Air       58%        N/A       1%          2
i - Iskenderun's Mystic   Conj/Tloc      29%        2d7       1%          4
j - Animate Dead          Necr           14%        N/A       1%          4
Your spell library was empty.

Dungeon Overview and Level Annotations

Branches:
Dungeon (9/15)             Temple (1/1) D:6            Lair (0/6) D:9
    Orc (0/2) D:9

Altars:
Ashenzari
Dithmenos
Elyvilon
Fedhas
Gozag
Hepliaklqana
Kikubaaqudgha
Makhleb
Nemelex Xobeh
Okawaru
Qazlal
Ru
Sif Muna
Trog
Uskayaw
Vehumet
Wu Jian
Yredelemnul
Zin
The Shining One

Shops:
D:7 [   D:8 =

Annotations:
D:3 2 transporters, 1 runed translucent door, Crazy Yiuf
D:9 Erolcha


Innate Abilities, Weirdness & Mutations

You are immune to sickness and miasma.
You are immune to poison.
Your flesh is very heat resistant. (rF++)
You are vulnerable to cold. (rC-)
You float through the air rather than walking.
You learn spells naturally, not from books.
Your magical power is your life essence.
You have superior vitality. (+4 MHP)
[You are very frail. (-20% HP)]
[You do not regenerate when monsters are visible.]
[You are very weak. (Str -4)]
[Your spells are easier to cast, but less powerful.]


Message History

Confirm with . or Enter, or press ? or * to list all spells.
Flames lash the wretched star.
The wretched star is lightly damaged.
Casting: Scorch (safe; 1% risk of failure)
Confirm with . or Enter, or press ? or * to list all spells.
Flames lash the wretched star.
The wretched star is moderately damaged.
The wretched star glows turbulently.
The lance of force hits you.
You are knocked back by the lance of force.
You slam into the rock wall!
* * * LOW HITPOINT WARNING * * *
Casting: Scorch (safe; 1% risk of failure)
Confirm with . or Enter, or press ? or * to list all spells.
You can't see any susceptible monsters within range! (Use Z to cast anyway.)
The wretched star is no longer more vulnerable to fire.
Unknown command.
The wretched star pulses with an eldritch light!
Your connection to magic feels subdued.
Your connection to magic feels more subdued.
Your regeneration stops near monsters.
A smoke demon comes into view.
The wretched star pulses with an eldritch light!
You feel weaker. x2
A tentacled starspawn comes into view.
The wretched star pulses with an eldritch light!
You feel frail. x2
Tentacles burst from the starspawn's body! 2 starspawn tentacles come into view.
A tentacle flies out from the starspawn's body!
The wretched star pulses with an eldritch light!
A starspawn tentacle comes into view.
A starspawn tentacle comes into view.
Found a book of Blasting.
The wretched star glows turbulently.
The lance of force hits you!!
* * * LOW HITPOINT WARNING * * *
You are knocked back by the lance of force.
You slam into the stone wall!
You die...

#... . #.. ..# ..
.#.... .#.# .#....
#.# .##..# ..#.
#..###...# ...
#..#.#.#.## ###w####
#...... #.###.#X#..#
..###...#...##..#..#
.#. ##....#..*...#
....# #####.....@#
..#.# ##.###.# ..#*#
### .## . #.# .#
....# :# ....# #.
..#.. # # # #


You could see a tentacled starspawn, a wretched star and a starspawn tentacle.

Vanquished Creatures
  Harold (D:7)
  2 two-headed ogres
  A troll (D:9)
  3 yaks (D:8)
  Menkaure (D:7)
  3 vampire mosquitoes (D:8)
  A water moccasin (D:7)
  2 orc warriors
  An ice beast (D:7)
  2 black bears (D:4)
  A hornet zombie (D:6)
  A necrophage (D:5)
  4 ogres
  2 kobold brigands (D:7)
  2 scorpions
  3 killer bees (D:9)
  4 wights (D:7)
  4 howler monkeys
  2 bullfrog zombies
  2 jellies
  A centaur zombie (D:6)
  5 orc priests
  4 hounds (D:5)
  2 bullfrog skeletons
  6 iguanas
  7 orc wizards
  A howler monkey skeleton (D:7)
  7 adders
  2 ufetubi
  2 worms
  5 dart slugs
  33 orcs
  5 ball pythons
  8 bats
  3 endoplasms
  3 giant cockroaches
  5 hobgoblins
  5 goblins
  10 kobolds
  2 rats (D:3)
158 creatures vanquished.

Vanquished Creatures (others)
  299 foxfires
  21 plants
  3 starspawn tentacles (Abyss:1)
323 creatures vanquished.

Grand Total: 481 creatures vanquished

Notes
Turn   | Place    | Note
-------+----------+-------------------------------------------
     0 | D:1      | bearlyready the Djinni Fire Elementalist began the quest
                  | for the Orb.
     0 | D:1      | Reached XP level 1. HP: 15/15 MP: 0/0
   234 | D:1      | Reached XP level 2. HP: 10/21 MP: 0/0
   841 | D:1      | You are sucked into a shaft and drop 1 floor!
   902 | D:2      | Reached XP level 3. HP: 23/25 MP: 0/0
   902 | D:2      | Learned a level 1 spell: Sandblast
  1755 | D:3      | Found a transporter.
  1844 | D:3      | Found a white marble altar of Elyvilon.
  1887 | D:3      | Reached XP level 4. HP: 28/31 MP: 0/0
  2077 | D:3      | Found a faded altar of an unknown god.
  2278 | D:3      | Found a glowing golden altar of the Shining One.
  2456 | D:3      | Found a transporter.
  2508 | D:3      | Found a runed translucent door.
  2509 | D:3      | Noticed Crazy Yiuf
  2587 | D:4      | Found a sparkling altar of Nemelex Xobeh.
  2704 | D:4      | Found an opulent altar of Gozag.
  2827 | D:4      | Reached XP level 5. HP: 35/35 MP: 0/0
  2827 | D:4      | Learned a level 2 spell: Poisonous Vapours
  3011 | D:4      | Reached skill level 1 in Fighting
  3085 | D:4      | Noticed a black bear
  3137 | D:4      | Reached skill level 2 in Fighting
  3137 | D:4      | Reached XP level 6. HP: 35/43 MP: 0/0
  3210 | D:4      | Killed a black bear
  3290 | D:4      | Reached skill level 3 in Fighting
  3293 | D:4      | Reached skill level 5 in Spellcasting
  3293 | D:4      | Reached XP level 7. HP: 22/50 MP: 0/0
  3293 | D:4      | Learned a level 2 spell: Corpse Rot
  3997 | D:5      | Entered Level 5 of the Dungeon
  4163 | D:5      | Reached skill level 4 in Fighting
  4530 | D:5      | Found a sacrificial altar of Ru.
  4557 | D:5      | Reached XP level 8. HP: 34/58 MP: 0/0
  4718 | D:5      | Found a shadowy altar of Dithmenos.
  4797 | D:5      | Reached skill level 5 in Fighting
  6178 | D:6      | Reached skill level 6 in Fighting
  6527 | D:6      | Reached XP level 9. HP: 38/67 MP: 0/0
  6527 | D:6      | Learned a level 4 spell: Iskenderun's Mystic Blast
  7082 | D:6      | Found a staircase to the Ecumenical Temple.
  7091 | Temple   | Entered the Ecumenical Temple
  7351 | Temple   | Became a worshipper of Ashenzari the Shackled
  7541 | D:7      | Noticed Menkaure
  7551 | D:7      | Killed Menkaure
  7552 | D:7      | Reached skill level 7 in Fighting
  7763 | D:7      | Found a bloodstained altar of Trog.
  8014 | D:7      | Noticed a two-headed ogre
  8037 | D:7      | Killed a two-headed ogre
  8038 | D:7      | Reached skill level 8 in Fighting
  8558 | D:7      | Reached XP level 10. HP: 67/77 MP: 0/0
  8713 | D:7      | Found a basalt altar of Yredelemnul.
  8761 | D:7      | Noticed Harold
  8802 | D:7      | Killed Harold
  8803 | D:7      | Reached skill level 9 in Fighting
  9336 | D:7      | Found Bavapn's Armour Boutique.
  9667 | D:8      | Reached skill level 10 in Fighting
 10000 | D:8      | Found Doosimet's Jewellery Boutique.
 10406 | D:9      | Noticed a two-headed ogre
 10413 | D:9      | Killed a two-headed ogre
 10460 | D:9      | Reached XP level 11. HP: 46/86 MP: 0/0
 10460 | D:9      | Learned a level 4 spell: Animate Dead
 10632 | D:9      | Noticed Erolcha
 10683 | D:9      | Cast into level 1 of the Abyss (Erolcha)
 10769 | Abyss:1  | Noticed a wretched star
 10786 | Abyss:1  | Noticed a tentacled starspawn
 10791 | Abyss:1  | Collided with a stone wall

Illustrated notes

Levels and vault maps discovered:
D:1:      erik_arrival_blinker_ship, layout_rooms, kennysheep_small_spiral
D:2:      layout_basic, minmay_pentomino_u2
D:3:      gammafunk_steamed_eel, layout_basic,
          mainiacjoe_overflow_cross_hatched,
          mainiacjoe_overflow_surrounded_room, elyvilon_altar_1,
          shapermc_ecumenical_altar_rom_forum, uniq_crazy_yiuf_cottage
D:4:      layout_loops_ring, nemelex_spade_bored_becter,
          nicolae_gozag_seed_capital
D:5:      layout_basic, overflow_temple_1_default, mainiacjoe_overflow_chevrons
D:6:      layout_basic, temple_green, hex_intersection,
          chequers_serial_rivers_marsh
D:7:      nicolae_cairo_tiling_large_dashed, layout_basic,
          mainiacjoe_overflow_tiny_flanked, yredelemnul_altar_generic,
          trog_antimagical, serial_shops, shop, uniq_harold, uniq_menkaure
D:8:      layout_cave_pools, fiery_altar_vehumet, serial_shops,
          nicolae_shop_statue_plus, hangedman_decor_slide_cut, centaur_isle
D:9:      layout_stronghold, mainiacjoe_overflow_24_doors,
          mainiacjoe_overflow_alcove_2, dpeg_oklobed_lair, zombieorc2_lemuel,
          nzn_life_drinkers, uniq_erolcha, uniq_grum
Temple:   compressed_dpeg_triangle_lava_temple
Abyss:1:  base: D:6, hangedman_elemental_corridor

Skill      XL: |  1  2  3  4  5  6  7  8  9 10 11 |
---------------+----------------------------------+-----
Spellcasting   | 3 4 5 6 7 9 |  9.0
Fighting       | 2 3 4 6 8 10 | 10.7
Dodging        | 3 4 |  4.1
Stealth        | |  1.5

Action                   |  1- 3 |  4- 6 |  7- 9 | 10-12 || total
-------------------------+-------+-------+-------+-------++-------
Melee: Whip              |     7 |       |       |       ||     7
       Unarmed           |     1 |       |       |       ||     1
       Spear             |     5 |    69 |    87 |     4 ||   165
       Hand axe          |       |       |       |    45 ||    45
Throw: Throwing net      |       |       |       |     1 ||     1
 Cast: Foxfire           |    55 |    24 |    46 |    45 ||   170
       Scorch            |       |    11 |    67 |    37 ||   115
       Poisonous Vapours |       |     4 |    16 |    13 ||    33
       Flame Wave        |       |     2 |     2 |     3 ||     7
       Conjure Flame     |       |       |     2 |       ||     2
       Animate Dead      |       |       |       |     1 ||     1
  Use: Scroll            |       |     1 |       |    10 ||    11
       Potion            |       |       |       |     2 ||     2
 Stab: Sleeping          |     1 |     1 |     2 |       ||     4
Armor: Robe              |    14 |    18 |    33 |    19 ||    84
       Skin              |       |       |       |    32 ||    32
Dodge: Dodged            |    44 |    33 |    47 |    65 ||   189
Block: Other             |     2 |    21 |    26 |    40 ||    89
       Reflection        |       |     2 |       |       ||     2

Table legend: (Time is in decaauts)
 A = Elapsed time spent in this place.
 B = Non-inter-level travel time spent in this place.
 C = Inter-level travel time spent in this place.
 D = Time resting spent in this place.
 E = Time spent auto-exploring this place.
 F = Levels seen in this place.
 G = Mean time per level.
                   A        B        C        D        E       F      G
               +--------+--------+--------+--------+--------+-----+--------+
         Total |  10823 |  10578 |    245 |    341 |   8593 |  11 |  983.9 |
       Dungeon |  10443 |  10222 |    221 |    255 |   8361 |   9 | 1160.3 |
        Temple |    271 |    247 |     24 |      0 |    232 |   1 |  271.0 |
         Abyss |    107 |    107 |      0 |     86 |      0 |   1 |  107.0 |
               +--------+--------+--------+--------+--------+-----+--------+

Top non-repeatable levels by time:
     D:7: 2006 daAuts
     D:5: 1677 daAuts
     D:6: 1628 daAuts
     D:4: 1426 daAuts
     D:2: 885 daAuts
     D:3: 853 daAuts
     D:1: 841 daAuts
     D:8: 798 daAuts
     D:9: 327 daAuts
  Temple: 271 daAuts
 Abyss:1: 107 daAuts
